 Dungeon Crawl Stone Soup version 0.32-a0-329-ge6c31236d6 (webtiles) character file.

Game seed: 6476417320014052432

198 retardedninja the Shield-Bearer (level 5, -1/70 HPs)
             Began as a Mountain Dwarf Fighter on Feb 16, 2024.
             Was a Follower of Cheibriados.
             Incinerated by a bombardier beetle (3 damage)
             ... with a burning spray
             ... on level 4 of the Dungeon.
             The game lasted 00:04:28 (3195 turns).

retardedninja the Shield-Bearer (MDFi)              Turns: 3195, Time: 00:04:30

Health: -1/70      AC: 22    Str: 23    XL:     5   Next: 47%
Magic:  5/5        EV:  2    Int: 10    God:    Cheibriados [*.....]
Gold:   179        SH:  5    Dex: 11    Spells: 4/4 levels left

rFire   . . .        a - +0 war axe
rCold   . . .        c - +0 buckler
rNeg    . . .        b - melded +0 scale mail
rPois   +            l - melded +0 helmet
rElec   .            f - melded +0 cloak
rCorr   .            (gloves currently unavailable)
SInv    .            (boots currently unavailable)
Will    .....        (no amulet)
Stlth   +            i - ring of poison resistance
HPRegen 0.31/turn    (no ring)
MPRegen 0.09/turn

%: no passive effects
@: on fire, tree-form, glowing, very slow
A: stationary, stasis, torment immunity, boosted hp, runic magic, artefact
enchanting
a: Renounce Religion, Bend Time


You were on level 4 of the Dungeon.
You worshipped Cheibriados.
Cheibriados was aware of your devotion.
You were a tree.
You visited 1 branch of the dungeon, and saw 4 of its levels.

You collected 179 gold pieces.

Inventory:

Hand Weapons
 a - a +0 war axe (weapon)
Armour
 b - a +0 scale mail (melded)
 c - a +0 buckler (worn)
 f - a +0 cloak (melded)
 l - a +0 helmet (melded)
Jewellery
 i - a ring of poison resistance (left branch)
 q - a ring of flight
 s - an amulet of the acrobat
Scrolls
 e - 2 scrolls of fog {unknown}
 h - 2 scrolls of identify {unknown}
 j - a scroll of teleportation
 m - a scroll of silence {unknown}
 r - a scroll of immolation {unknown}
Potions
 d - a potion of might


   Skills:
 + Level 4.4 Fighting
 + Level 4.1 Axes
 + Level 4.4 Armour
 + Level 4.4 Shields


You had 4 spell levels left.
You didn't know any spells.
Your spell library contained the following spells:

 Spells                   Type           Power      Damage    Failure   Level
 Kiss of Death            Conj/Necr      0%         2d5       41%         1
 Call Imp                 Summ           0%         N/A       56%         2
 Sublimation of Blood     Necr           0%         N/A       56%         2
 Dazzling Flash           Conj/Hex       0%         N/A       80%         3
 Mephitic Cloud           Conj/Alch/Air  0%         N/A       80%         3
 Curse of Agony           Necr           0%         N/A       100%        5
 Silence                  Hex/Air        0%         N/A       100%        5
 Summon Hydra             Summ           0%         N/A       100%        7


Dungeon Overview and Level Annotations

Branches:
Dungeon (4/15)
 Temple: D:4-7

Altars:
Cheibriados
Kikubaaqudgha
Qazlal

Annotations:
D:3 2 transporters
D:4 Robin


Innate Abilities, Weirdness & Mutations

You are a tree.
Your roots penetrate the ground, keeping you stationary.
You cannot be teleported.
You are immune to unholy pain and torment.
Your maximum health is greatly increased.
Your equipment is partially melded.
Your spellcasting is much less encumbered by armour.
You can use scrolls of enchantment on lesser artefacts.


Message History

You are too injured to fight recklessly!
You are too injured to fight recklessly!
You are too injured to fight recklessly!
You are too injured to fight recklessly!
You are too injured to fight recklessly!
You are too injured to fight recklessly!
You are too injured to fight recklessly!
You are too injured to fight recklessly!
You are too injured to fight recklessly!
You are too injured to fight recklessly!
You are too injured to fight recklessly!
You are too injured to fight recklessly!
You are too injured to fight recklessly!
You barely miss the bombardier beetle. The liquid fire burns you!
The bombardier beetle bites you.
You closely miss the bombardier beetle. The bombardier beetle bites you.
You hit the bombardier beetle but do no damage.
The bombardier beetle sprays incendiary fluid at you.
The burning spray hits you.
You are covered in liquid fire!
You barely miss the bombardier beetle. The liquid fire burns you!
The bombardier beetle bites you but does no damage.
You slash the bombardier beetle!
The bombardier beetle is heavily wounded.
The liquid fire burns you!
* * * LOW HITPOINT WARNING * * *
You hit the bombardier beetle.
The bombardier beetle is almost dead.
The liquid fire burns you!
* * * LOW HITPOINT WARNING * * *
You block the bombardier beetle's attack.
It was a potion of lignification.
You turn into a tree.
Your +0 cloak melds into your body.
Your +0 helmet melds into your body.
Your +0 scale mail melds into your body.
Your roots penetrate the ground.
The liquid fire burns you!
You die...
Cheibriados appreciates the motionlessness of death.

#........#....#
........#...<†..#....#
§≈§≈≈§§.#.......#....#
..≈≈≈.§§#.......'....#
.≈...§.≈#.......#....#
.≈._.≈.§#.......#....#
.≈.§.≈.§####'####...##
..§§≈.B≈#......##...####
≈≈≈≈≈≈≈♣#......#........
........#......#........
########.......#........
#################


You could see a bombardier beetle.

Vanquished Creatures
  A jelly (D:4)
  3 adders
  A ribbon worm (D:4)
  9 orcs (D:3)
  4 endoplasms
  5 giant cockroaches
  10 goblins
  9 hobgoblins
  4 quokkas
  6 ball pythons
  10 bats
  4 frilled lizards
  3 kobolds
  5 rats
74 creatures vanquished.

Notes
Turn   | Place    | Note
-------+----------+-------------------------------------------
     0 | D:1      | retardedninja the Mountain Dwarf Fighter began the quest
                  | for the Orb.
     0 | D:1      | Reached XP level 1. HP: 19/19 MP: 1/1
    21 | D:1      | Found a faded altar of an unknown god.
    30 | D:1      | Got Plato's Directory of Fulmination
   125 | D:1      | Reached XP level 2. HP: 26/26 MP: 2/2
   337 | D:1      | Reached XP level 3. HP: 12/31 MP: 3/3
  1411 | D:2      | Reached XP level 4. HP: 37/40 MP: 4/4
  1882 | D:3      | Found a transporter.
  2130 | D:3      | Found a transporter.
  2270 | D:3      | Found a snail-covered altar of Cheibriados.
  2292 | D:3      | Became a worshipper of Cheibriados the Contemplative
  2472 | D:3      | Found a stormy altar of Qazlal.
  2594 | D:3      | Reached XP level 5. HP: 46/46 MP: 5/5
  2836 | D:4      | Noticed Robin
  2854 | D:4      | Reached * piety under Cheibriados
  3183 | D:4      | Found an ancient bone altar of Kikubaaqudgha.
  3194 | D:4      | HP: 1/47 [burnt (7)]
  3195 | D:4      | Incinerated by a bombardier beetle

Illustrated notes

Levels and vault maps discovered:
D:1:      roderic_dead_forest, layout_basic, serial_forest,
          infiniplex_forest_end_2, infiniplex_forest_lined_3,
          infiniplex_forest_lined_room_2, infiniplex_forest_clump_medium,
          infiniplex_forest_clump_medium, infiniplex_forest_lined_room_2,
          infiniplex_forest_clump_small, shapermc_ecumenical_altar_rom_forum,
          hex_medium, solitary_fountain, hangedman_decor_lopped
D:2:      layout_basic, corexii_hall_statues_x
D:3:      gammafunk_steamed_eel, layout_basic, lemuel_coloured_pillars_altar,
          amcnicky_altar_gilded
D:4:      layout_gridville, mainiacjoe_overflow_paths,
          minmay_temple_entry_statues_pillars, serial_shops, shop, uniq_robin

Skill      XL: |  1  2  3  4  5 |
---------------+----------------+-----
Axes           | 3 4 |  4.1
Fighting       | 4 |  4.4
Shields        | 4 |  4.4
Armour         | 4 |  4.4

Action                     |  1- 3 |  4- 6 || total
---------------------------+-------+-------++-------
  Melee: War axe           |    96 |    89 ||   185
    Use: Potion            |       |     5 ||     5
         Scroll            |       |     1 ||     1
 Armour: Scale mail        |    67 |   103 ||   170
  Dodge: Dodged            |    52 |    75 ||   127
  Block: Buckler           |    18 |    38 ||    56

Table legend: (Time is in decaauts)
 A = Elapsed time spent in this place.
 B = Non-inter-level travel time spent in this place.
 C = Inter-level travel time spent in this place.
 D = Time resting spent in this place.
 E = Time spent auto-exploring this place.
 F = Levels seen in this place.
 G = Mean time per level.
                   A        B        C        D        E       F      G
               +--------+--------+--------+--------+--------+-----+--------+
         Total |   3423 |   3287 |    136 |    225 |   2532 |   4 |  855.8 |
       Dungeon |   3423 |   3287 |    136 |    225 |   2532 |   4 |  855.8 |
               +--------+--------+--------+--------+--------+-----+--------+

Top non-repeatable levels by time:
     D:3: 1344 daAuts
     D:2: 971 daAuts
     D:1: 941 daAuts
     D:4: 166 daAuts
